 Dungeon Crawl Stone Soup version 0.31.0 (webtiles) character file.

Game seed: 3000264235211043016

16 Arctor the Vexing (level 2, -3/24 HPs)
             Began as a Kobold Hexslinger on Jan 19, 2024.
             Slain by Terence
             ... wielding a +0 falchion
              (6 damage)
             ... on level 2 of the Dungeon.
             The game lasted 00:00:28 (855 turns).

Arctor the Vexing (Kobold Hexslinger)                Turns: 855, Time: 00:00:29

Health: -3/24      AC:  2    Str:  5    XL:     2   Next: 70%
Magic:  4/4        EV: 15    Int: 14    God:
Gold:   39         SH:  0    Dex: 17    Spells: 3/3 levels left

rFire   . . .        a - +1 sling
rCold   . . .        (no shield)
rNeg    . . .        c - +0 robe
rPois   .            (no helmet)
rElec   .            (no cloak)
rCorr   .            (no gloves)
SInv    .            (no boots)
Will    .....        (no amulet) Stlth
                     (no ring)
HPRegen 0.24/turn    (no ring)
MPRegen 0.09/turn

%: no passive effects
@: berserking, very quick
A: small, no large weapons, nightstalker 3
a: no special abilities


You were on level 2 of the Dungeon.
You visited 1 branch of the dungeon, and saw 2 of its levels.

You collected 39 gold pieces.

Inventory:

Hand Weapons
 a - a +1 sling (weapon)
Armour
 c - a +0 robe (worn)
Jewellery
 f - an amulet of the acrobat
Scrolls
 b - 2 scrolls of poison
 d - 2 scrolls of identify {unknown}
 e - a scroll of enchant armour {unknown}


   Skills:
 + Level 1.5 Fighting
 + Level 3.0 Ranged Weapons
 + Level 2.6 Dodging
 + Level 1.4 Spellcasting
 + Level 3.1 Hexes
 + Level 1.2 Fire Magic


You had 3 spell levels left.
You didn't know any spells.
Your spell library contained the following spells:

 Spells                   Type           Power      Damage    Failure   Level
 Jinxbite                 Hex            18%        N/A       11%         2
 Sigil of Binding         Hex            9%         N/A       21%         3
 Inner Flame              Hex/Fire       7%         N/A       30%         3
 Call Imp                 Summ           0%         N/A       36%         2
 Sublimation of Blood     Necr           0%         N/A       36%         2
 Cause Fear               Hex            4%         N/A       56%         4
 Dimensional Bullseye     Hex/Tloc       2%         N/A       78%         4
 Summon Hydra             Summ           0%         N/A       100%        7


Dungeon Overview and Level Annotations

Branches:
Dungeon (2/15)

Altars:

Shops:
D:1 :

Annotations:
D:2 Terence


Innate Abilities, Weirdness & Mutations

You are small and have problems with some larger weapons.
You are completely attuned to the shadows.


Message History

No target in view!
Terence the Incautious comes into view.
He is wielding a +0 falchion.
You shoot a sling bullet.
The sling bullet hits Terence but does no damage.
Terence shouts!
Terence says, "Don't bother to defend, it's useless."
Terence is nearby!
You shoot a sling bullet. The sling bullet barely misses Terence.
Terence is nearby!
You shoot a sling bullet.
The sling bullet hits Terence but does no damage.
Terence barely misses you.
Terence is nearby!
You shoot a sling bullet. The sling bullet hits Terence.
Terence is moderately wounded.
Terence completely misses you.
You shoot a sling bullet. The sling bullet hits Terence.
Terence is heavily wounded.
Terence hits you with a +0 falchion!
You shoot a sling bullet.
The sling bullet closely misses Terence.
Terence barely misses you.
You shoot a sling bullet.
The sling bullet hits Terence but does no damage.
Terence is heavily wounded.
Terence closely misses you.
You shoot a sling bullet.
The sling bullet closely misses Terence.
Terence barely misses you. Terence hits you with a +0 falchion!
Ouch! That really hurt!
* * * LOW HITPOINT WARNING * * *
Unknown command.
It was a potion of berserk rage.
A red film seems to cover your vision as you go berserk!
You feel yourself moving faster!
You feel mighty! Terence barely misses you.
You clumsily bash Terence but do no damage.
Terence is heavily wounded.
Terence hits you with a +0 falchion.
You die...
Terence says, "That felt goooood."

#.# ....#.#
#.#.#.#
#.#)#.#
#.#.#<#.###
...@@.....#
....#.###.#
......# #.#
#.!.### #.#
##.. #.#
#####.# #+#
......# #.#
######.##
#.#
#≈≈~≈#.#


You could see Terence.

Vanquished Creatures
  2 endoplasms
  A giant cockroach (D:1)
  2 goblins (D:1)
  3 hobgoblins (D:1)
  A quokka (D:1)
  A bat (D:1)
  2 kobolds
  A rat (D:1)
13 creatures vanquished.

Notes
Turn   | Place    | Note
-------+----------+-------------------------------------------
     0 | D:1      | Arctor the Kobold Hexslinger began the quest for the Orb.
     0 | D:1      | Reached XP level 1. HP: 12/12 MP: 2/2
   251 | D:1      | Found Cuelygru's Vocational Training.
   322 | D:1      | Found a faded altar of an unknown god.
   509 | D:1      | Reached XP level 2. HP: 16/16 MP: 3/3
   845 | D:2      | Noticed Terence
   855 | D:2      | Slain by Terence

Illustrated notes

Levels and vault maps discovered:
D:1:      lightli_arrival_lavapool, layout_basic, ebering_ecumenical_altar_box,
          wad_floor_pattern_2, nicolae_shop_vocational
D:2:      layout_loops_corners, chequers_serial_rivers_room_b, uniq_robin,
          uniq_natasha, uniq_terence

Skill      XL: |  1  2 |
---------------+-------+-----
Ranged Weapons | 3 |  3.0
Fighting       | |  1.5
Dodging        | |  2.6
Spellcasting   | |  1.4
Hexes          | |  3.1
Fire Magic     | |  1.2

Action                     || total
---------------------------++-------
  Melee: Sling             ||     1
   Fire: Sling             ||    38
    Use: Potion            ||     1
 Armour: Robe              ||     5
  Dodge: Dodged            ||    10
